 Dungeon Crawl Stone Soup version 0.30-a0-709-gcdc1b43e22 (webtiles) character file.

Game seed: 13232558177617738344

42746 M4edhros the Peltast (level 14, -2/90 HPs)
             Began as an Octopode Artificer on Jan 22, 2023.
             Was an Elder of Cheibriados.
             Slain by a death yak (20 damage)
             ... on level 5 of the Lair of Beasts.
             The game lasted 01:21:35 (8045 turns).

M4edhros the Peltast (Octopode Artificer)           Turns: 8045, Time: 01:21:35

Health: -2/90      AC:  4    Str: 29    XL:     14   Next: 21%
Magic:  27/27      EV: 23    Int: 23    God:    Cheibriados [****..]
Gold:   660        SH: 19    Dex: 27    Spells: 7/19 levels left

rFire   . . .      SeeInvis .      - Unarmed
rCold   + . .      Faith    .    w - +3 kite shield
rNeg    . . .      Spirit   .    a - +1 hat
rPois   +          Reflect  .    m - amulet of regeneration
rElec   .          Harm     .    F - ring "Damnable Contraption" {Will+ Str+3}
rCorr   +          Rampage  .    L - ring of the Crown {rPois Will- rCorr MP+9 Str+4}
Will    .....                    A - ring of resist corrosion
Stlth   ++++                     d - ring of protection from cold
HPRegen 1.15/turn                (no ring)
MPRegen 0.20/turn                (no ring)
                                 (no ring)
                                 (no ring)

@: weak-willed, very slow
A: almost no armour, amphibious, 8 rings, camouflage 1, gelatinous body 1,
(nimble swimmer 1), tentacles, iridescent scales 1, wild magic 1
a: Renounce Religion, Bend Time, Temporal Distortion, Slouch


You were on level 5 of the Lair of Beasts.
You worshipped Cheibriados.
Cheibriados was greatly pleased with you.
You visited 4 branches of the dungeon, and saw 19 of its levels.
You also visited: Gauntlet.

You collected 660 gold pieces.

Inventory:

Hand Weapons
 h - a +2 sling of flaming
 t - a +4 mace of protection
Missiles
 f - 5 poisoned darts (quivered)
 l - 5 throwing nets
 n - 8 javelins
 x - 2 silver boomerangs
 y - a curare-tipped dart
Armour
 a - a +1 hat (worn)
 w - a +3 kite shield (worn)
 E - a +0 tower shield
Jewellery
 d - a ring of protection from cold (on tentacle)
 m - an amulet of regeneration (around mantle)
 s - the ring "Naomass" {rC++ rN+++ Will- rCorr Dex-5}
   (You found it in a Gauntlet)

   [ring of resist corrosion]

   Dex:       It affects your dexterity (-5).
   rC:        It greatly protects you from cold.
   rN:        It renders you almost immune to negative energy.
   rCorr:     It protects you from acid and corrosion.
   Will:      It decreases your willpower.
 z - an amulet of faith
 A - a ring of resist corrosion (on tentacle)
 F - the ring "Damnable Contraption" (left tentacle) {Will+ Str+3}
   (You found it on level 1 of the Lair of Beasts)

   [ring of willpower]

   Str:       It affects your strength (+3).
   Will:      It increases your willpower.
 H - an amulet of magic regeneration
 L - the ring of the Crown (right tentacle) {rPois Will- rCorr MP+9 Str+4}
   (You found it in a Gauntlet)

   [ring of magical power]

   Str:       It affects your strength (+4).
   rPois:     It protects you from poison.
   MP:        It affects your magic capacity (+9).
   rCorr:     It protects you from acid and corrosion.
   Will:      It decreases your willpower.
Wands
 b - a wand of flame (28)
 c - a wand of mindburst (2)
 u - a wand of digging (8)
 B - a wand of polymorph (9)
Scrolls
 g - 2 scrolls of noise
 j - 2 scrolls of amnesia
 p - 2 scrolls of vulnerability
 q - a scroll of poison
 D - 2 scrolls of torment
 J - 2 scrolls of silence
 K - a scroll of fog
 M - 2 scrolls of immolation
Potions
 e - 4 potions of brilliance
 i - 4 potions of attraction
 o - a potion of magic
 v - 6 potions of mutation
 I - a potion of flight
 P - a potion of might
Miscellaneous
 G - a condenser vane
 O - a box of beasts (inert)


   Skills:
 * Level 6.9 Fighting
 * Level 10.9 Dodging
 - Level 1.3 Stealth
 - Level 15.0 Shields
 - Level 5.0 Unarmed Combat
 - Level 3.0 Spellcasting
 - Level 2.0 Conjurations
 + Level 7.7 Summonings
 - Level 9.0 Air Magic
 - Level 4.0 Poison Magic
 - Level 5.0 Invocations
 - Level 3.2 Evocations


You had 7 spell levels left.
You knew the following spells:

 Your Spells              Type           Power      Damage    Failure   Level
a - Poisonous Vapours     Pois/Air       86%        N/A       3%          2
b - Summon Lightning Spi  Summ/Air       53%        N/A       10%         4
c - Mephitic Cloud        Conj/Pois/Air  34%        N/A       12%         3
d - Call Canine Familiar  Summ           50%        N/A       4%          3

Your spell library contained the following spells:

 Spells                   Type           Power      Damage    Failure   Level
 Static Discharge         Conj/Air       74%        2-6/arc   5%          2
 Airstrike                Air            27%        2d(4-20)  8%          4
 Cigotuvi's Dreadful Rot  Necr/Pois/Air  60%        N/A       9%          2
 Necrotise                Necr           16%        1d4       28%         1
 Momentum Strike          Conj/Tloc      20%        3d8       28%         2
 Blink                    Tloc           8%         N/A       38%         2
 Lesser Beckoning         Tloc           8%         N/A       38%         2
 Dazzling Flash           Conj/Hex       20%        N/A       45%         3
 Lightning Bolt           Conj/Air       18%        1d33      58%         5
 Portal Projectile        Hex/Tloc       8%         N/A       61%         3
 Vampiric Draining        Necr           4%         2d6       61%         3
 Freezing Cloud           Conj/Ice/Air   13%        6-21      83%         5
 Iskenderun's Mystic Bla  Conj/Tloc      10%        2d4       85%         4
 Leda's Liquefaction      Hex/Erth       2%         N/A       93%         4
 Conjure Ball Lightning   Conj/Air       18%        3x3d6     98%         6
 Agony                    Necr           4%         N/A       100%        5
 Blade Hands              Tmut           2%         N/A       100%        5
 Yara's Violent Unravell  Hex/Tmut       2%         3d3       100%        5
 Iron Shot                Conj/Erth      5%         9d2       100%        6
 Starburst                Conj/Fire      5%         6d4       100%        6
 Storm Form               Tmut/Air       15%        N/A       100%        7
 Animate Armour           Summ/Erth      Unusable   N/A       N/A         4

Dungeon Overview and Level Annotations

Branches:
Dungeon (12/15)            Temple (1/1) D:6            Lair (5/5) D:11
 Shoals (0/4) Lair:3        Slime (0/5) Lair:4          Orc (1/2) D:9
Gauntlet (visited)
  Snake: Lair:2-3    Spider: Lair:2-3

Altars:
Cheibriados
Dithmenos
Fedhas
Gozag
Hepliaklqana
Kikubaaqudgha
Trog
Uskayaw
Vehumet
Wu Jian
The Shining One

Shops:
D:2 *   D:4 :   D:8 [

Portals:
Trove: D:11 (give 16 potions of curing)

Annotations:
D:3 Terence
D:6 3 runed translucent doors, CrazyBamboolord's ghost, novice OpTm
D:11 3 runed translucent doors, Bnni's ghost, journeyman FoHs; Dwachs's ghost, journeyman DrIE; WienerDreamer's ghost, journeyman MiFi
D:12 Frances


Innate Abilities, Weirdness & Mutations

You cannot wear most types of armour.
You are amphibious.
You can wear up to eight rings at the same time.
Your skin changes colour to match your surroundings (Stealth+).
Your rubbery body absorbs attacks. (AC +1, EV +1)
((You are camouflaged when in or above water. (Stealth+)))
You have tentacles for arms and can constrict up to eight enemies at once.
You are partially covered in iridescent scales. (AC +2)
Your spells are a little harder to cast, but a little more powerful.


Message History

The death yak gores your lightning spire but does no damage.
Your lightning spire shoots out a bolt of lightning at the death yak!
The bolt of electricity hits the death yak! x2
The dream sheep shakes its wool and sparkles.
You feel drowsy...
You fall asleep.
The death yak barely misses the death yak.
The death yak gores your lightning spire.
Cornered, the death yak turns to fight!
Your lightning spire shoots out a bolt of lightning at the death yak!
The bolt of electricity hits the death yak!
The death yak dies!
Cheibriados thoroughly appreciates the change of pace.
Your lightning spire disappears in a puff of smoke!
The death yak gores the death yak!
The death yak gores you!!
You wake up.
* * * LOW HITPOINT WARNING * * *
You hear a bleat!
Unknown command.
Unknown command.
Unknown command.
Unknown command.
Unknown command.
Unknown command.
Okay, then.
You feel better.
You feel less invigorated.
The death yak gores you but does no damage.
The death yak completely misses the dream sheep.
Okay, then.
Okay, then.
Okay, then.
Okay, then.
Enter note: should have readd poison scroll
Okay, then.
Unknown command.
Okay, then.
Activating: Slouch (21% risk of failure)
Press: ? - help, Dir - look around, f - activate You fail to use your ability.
The death yak seems less confused.
The death yak barely misses you. The death yak gores you!!
You die...

#...... ##...Y.
##...... ######
##.S†Y... #....#
#...Y....
###...#######††††...
#.#....#...#...Y..††
###...Y..#...........
#.#.@YY.F†Y..F....<..
#<.YY..Y....Y..Y....
#.......Y.....###.#.
##.......##.#.# ####
##.....#######
##..Y## #####


You could see 8 death yaks, a cane toad and a dream sheep (weak-willed).

Vanquished Creatures
  Gastronok (D:8)
  A minotaur (Gauntlet)
  2 hydras (Lair:2)
  A two-headed ogre (D:8)
  6 death yaks
  2 glowing orange brains (Gauntlet)
  Pikel (D:8)
  A cyclops (D:11)
  2 ugly things (Gauntlet)
  7 elephants
  Maurice (D:9)
  3 black mambas
  3 cane toads
  Maggie (D:9)
  Psyche (D:9)
  A rime drake (Lair:5)
  2 kobold demonologists (D:9)
  2 komodo dragons
  2 trolls (D:12)
  2 nameless horrors
  2 blink frogs (Lair:4)
  2 dream sheep (Lair:3)
  A jumping spider (shapeshifter) (Gauntlet)
  A shadow (D:11)
  4 wyverns
  Eustachio (D:5)
  15 yaks
  A basilisk (shapeshifter) (Gauntlet)
  Grum (D:8)
  5 vampire mosquitoes
  An acid dragon (shapeshifter) (Gauntlet)
  12 water moccasins
  2 ice beasts
  2 orc warriors (D:9)
  A sky beast (D:7)
  A black bear (D:4)
  An ogre (D:9)
  12 wolves
  A kobold brigand (D:9)
  A gnoll sergeant (D:5)
  11 bullfrogs
  2 scorpions
  3 necrophages
  12 wights
  8 killer bees
  A howler monkey (D:9)
  An orc priest (D:7)
  A hound (D:7)
  A jelly (D:4)
  An iron imp (D:4)
  Natasha (thrice) (D:2)
  6 iguanas
  7 orc wizards
  12 gnolls
  7 adders
  A shadow imp (D:6)
  A white imp (D:5)
  2 worms (D:3)
  2 dart slugs
  33 orcs
  2 ball pythons
  7 endoplasms
  3 giant cockroaches
  9 goblins
  5 hobgoblins
  3 jackals (D:3)
  8 quokkas
  6 bats
  3 frilled lizards
  16 kobolds
  2 rats
288 creatures vanquished.

Vanquished Creatures (collateral kills)
  Harold (D:10)
  7 death yaks
  3 black mambas (Lair:2)
  2 merfolk sirens (Lair:3)
  2 cane toads (Lair:1)
  9 elephants
  3 komodo dragons
  A merfolk (Lair:3)
  2 polar bears
  3 dream sheep (Lair:3)
  2 blink frogs (Lair:4)
  A vampire (D:10)
  11 yaks
  A wyvern (Lair:3)
  2 basilisks
  2 vampire mosquitoes (D:11)
  5 water moccasins
  4 wolves (Lair:5)
  An ogre (D:5)
  A gnoll sergeant (D:9)
  6 killer bees (D:11)
  A hound (D:5)
  4 gnolls
  2 adders (D:5)
  3 orcs
  2 jackals
81 creatures vanquished.

Vanquished Creatures (others)
  A wight (D:8)
  An orc wizard (D:7)
  An orc (D:2)
  A jackal (D:2)
  3 demonic plants (Gauntlet)
  35 fungi
  56 plants
  4 withered plants (D:11)
102 creatures vanquished.

Grand Total: 471 creatures vanquished

Notes
Turn   | Place    | Note
-------+----------+-------------------------------------------
     0 | D:1      | M4edhros the Octopode Artificer began the quest for the
                  | Orb.
     0 | D:1      | Reached XP level 1. HP: 13/13 MP: 1/1
    95 | D:1      | Reached skill level 1 in Unarmed Combat
   198 | D:2      | Reached XP level 2. HP: 13/18 MP: 2/2
   401 | D:2      | Reached XP level 3. HP: 21/23 MP: 3/3
   404 | D:2      | Learned a level 2 spell: Poisonous Vapours
   547 | D:2      | Found Jedep's Assorted Antiques.
   629 | D:3      | Noticed Terence
   693 | D:4      | Found a snail-covered altar of Cheibriados.
   704 | D:4      | Reached skill level 1 in Air Magic
   704 | D:4      | Reached XP level 4. HP: 5/28 MP: 4/4
   710 | D:4      | Became a worshipper of Cheibriados the Contemplative
   957 | D:3      | Found a hide-covered altar of Uskayaw.
  1045 | D:3      | Found a blossoming altar of Fedhas.
  1159 | D:2      | Noticed Natasha
  1169 | D:2      | Killed Natasha
  1170 | D:2      | Reached XP level 5. HP: 12/33 MP: 5/5
  1501 | D:1      | Reached * piety under Cheibriados
  1635 | D:2      | Noticed Natasha
  1643 | D:2      | Killed Natasha
  1659 | D:2      | Noticed Natasha
  1667 | D:2      | Killed Natasha
  1947 | D:4      | Found an ornate altar of the Wu Jian Council.
  2049 | D:4      | Reached XP level 6. HP: 8/38 MP: 6/6
  2059 | D:4      | Noticed a black bear
  2080 | D:4      | Found Qegiohiwn's Book Boutique.
  2089 | D:4      | Killed a black bear
  2152 | D:4      | Reached ** piety under Cheibriados
  2234 | D:5      | Entered Level 5 of the Dungeon
  2255 | D:5      | Reached skill level 5 in Unarmed Combat
  2272 | D:5      | Reached XP level 7. HP: 27/43 MP: 7/7
  2328 | D:5      | Reached skill level 5 in Air Magic
  2351 | D:5      | Learned a level 4 spell: Summon Lightning Spire
  2399 | D:5      | Noticed Eustachio
  2410 | D:5      | Killed Eustachio
  2411 | D:5      | Reached skill level 1 in Shields
  2411 | D:5      | Reached skill level 1 in Summonings
  2492 | D:5      | Reached XP level 8. HP: 35/48 MP: 8/8
  2533 | D:5      | Reached skill level 2 in Shields
  2778 | D:5      | Reached *** piety under Cheibriados
  2818 | D:5      | Gained mutation: You are agile. (Dex +4, Str/Int -1)
                  | [potion of mutation]
  2819 | D:5      | Lost mutation: You are agile. (Dex +4, Str/Int -1) [potion
                  | of mutation]
  2819 | D:5      | Gained mutation: Your spells are a little harder to cast,
                  | but a little more powerful. [potion of mutation]
  2819 | D:5      | Gained mutation: You are partially covered in iridescent
                  | scales. (AC +2) [potion of mutation]
  2944 | D:6      | Found a staircase to the Ecumenical Temple.
  3041 | D:6      | Found a runed translucent gate.
  3042 | D:6      | Found a runed translucent gate.
  3043 | D:6      | Found a runed translucent gate.
  3050 | D:6      | Found an opulent altar of Gozag.
  3056 | D:6      | Noticed CrazyBamboolord's ghost (novice OpTm)
  3391 | D:6      | Reached skill level 3 in Shields
  3460 | Temple   | Entered the Ecumenical Temple
  3534 | D:7      | Found a hazy altar of Hepliaklqana.
  3538 | D:7      | Found a shadowy altar of Dithmenos.
  3538 | D:7      | Noticed a shadow
  3579 | D:7      | Found a bloodstained altar of Trog.
  3603 | D:7      | Reached skill level 5 in Summonings
  3603 | D:7      | Reached XP level 9. HP: 36/53 MP: 9/9
  3623 | D:7      | Reached **** piety under Cheibriados
  3777 | D:8      | Noticed Pikel
  3785 | D:8      | Killed Pikel
  3786 | D:8      | Reached skill level 4 in Shields
  3900 | D:8      | Noticed a two-headed ogre
  3914 | D:8      | Killed a two-headed ogre
  3915 | D:8      | Reached skill level 6 in Shields
  3934 | D:8      | Found a glowing golden altar of the Shining One.
  3946 | D:8      | Reached skill level 7 in Shields
  3946 | D:8      | Reached XP level 10. HP: 31/58 MP: 4/10
  3996 | D:8      | Reached skill level 8 in Shields
  4032 | D:9      | Identified the +0 robe of Firoydea {rElec rCorr Str+4
                  | Dex-2}
  4114 | D:9      | Noticed a kobold demonologist
  4154 | D:8      | Found Awaero's Antique Armour Emporium.
  4187 | D:8      | Noticed Grum
  4194 | D:8      | Killed Grum
  4201 | D:8      | Reached skill level 9 in Shields
  4202 | D:8      | Noticed Gastronok
  4222 | D:8      | Killed Gastronok
  4223 | D:8      | Reached skill level 10 in Shields
  4304 | D:9      | Noticed a kobold demonologist
  4309 | D:9      | Reached ***** piety under Cheibriados
  4310 | D:9      | Killed a kobold demonologist
  4312 | D:9      | Noticed a sun demon
  4314 | D:9      | Killed a kobold demonologist
  4319 | D:9      | Reached skill level 11 in Shields
  4492 | D:9      | Noticed Maggie
  4502 | D:9      | Killed Maggie
  4512 | D:9      | Reached XP level 11. HP: 42/63 MP: 8/11
  4570 | D:9      | Noticed Psyche
  4589 | D:9      | Killed Psyche
  4656 | D:9      | Found a staircase to the Orcish Mines.
  4685 | D:9      | Reached skill level 12 in Shields
  4705 | D:9      | Noticed Maurice
  4728 | D:9      | Killed Maurice
  4750 | D:9      | Learned a level 3 spell: Mephitic Cloud
  4784 | Orc:1    | Entered Level 1 of the Orcish Mines
  4821 | D:10     | Entered Level 10 of the Dungeon
  4835 | D:10     | Found an ancient bone altar of Kikubaaqudgha.
  4894 | D:10     | Noticed Harold
  4908 | D:10     | Killed Harold
  4909 | D:10     | Reached skill level 1 in Poison Magic
  5102 | D:11     | Found a portal to a secret trove of treasure.
  5102 | D:11     | Noticed a cyclops
  5111 | D:11     | Killed a cyclops
  5112 | D:11     | Reached skill level 1 in Spellcasting
  5112 | D:11     | Reached skill level 1 in Conjurations
  5195 | D:11     | Found a runed translucent gate.
  5195 | D:11     | Found a runed translucent gate.
  5196 | D:11     | Found a runed translucent gate.
  5197 | D:11     | Noticed WienerDreamer's ghost (journeyman MiFi)
  5198 | D:11     | Noticed Dwachs's ghost (journeyman DrIE)
  5198 | D:11     | Noticed Bnni's ghost (journeyman FoHs)
  5439 | D:11     | Found a staircase to the Lair.
  5489 | D:11     | Learned a level 3 spell: Call Canine Familiar
  5502 | D:12     | Noticed a manticore
  5502 | D:12     | Noticed a two-headed ogre
  5683 | D:12     | Noticed Frances
  5733 | Lair:1   | Entered Level 1 of the Lair of Beasts
  5835 | Lair:1   | Reached XP level 12. HP: 72/72 MP: 9/15
  5865 | Lair:1   | Identified the ring "Damnable Contraption" {Will+ Str+3}
  5935 | Lair:1   | gane wants to kill me, 3 packs of yaks coming at me at once
                  | two times
  5952 | Lair:1   | aaaaaandd the next one
  5952 | Lair:1   | wtf????
  6224 | Lair:1   | Reached skill level 5 in Dodging
  6290 | Lair:2   | Reached skill level 13 in Shields
  6342 | Lair:2   | Reached skill level 5 in Fighting
  6345 | Lair:2   | Noticed a five-headed hydra
  6356 | Lair:2   | Killed a five-headed hydra
  6407 | Lair:2   | Reached ****** piety under Cheibriados
  6459 | Lair:2   | Reached skill level 1 in Invocations
  6621 | Lair:2   | Noticed a four-headed hydra
  6628 | Lair:2   | Killed a four-headed hydra
  6647 | Lair:2   | Reached skill level 5 in Invocations
  6714 | Lair:3   | Reached skill level 14 in Shields
  6714 | Lair:3   | Reached XP level 13. HP: 81/81 MP: 10/17
  7058 | Lair:3   | Found a staircase to the Shoals.
  7210 | Lair:4   | Found a gate leading to a gauntlet.
  7249 | Gauntlet | Entered a Gauntlet
  7249 | Gauntlet | Found a transporter.
  7251 | Gauntlet | Noticed an entropy weaver
  7265 | Gauntlet | Found a transporter.
  7267 | Gauntlet | an entropy weaver changed into a black bear
  7282 | Gauntlet | Found a transporter.
  7287 | Gauntlet | Found a transporter.
  7294 | Gauntlet | Found a transporter.
  7311 | Gauntlet | Noticed a quicksilver ooze
  7312 | Gauntlet | Found a transporter.
  7316 | Gauntlet | Found a transporter.
  7330 | Gauntlet | Found a transporter.
  7334 | Gauntlet | Found a transporter.
  7337 | Gauntlet | Found a transporter.
  7338 | Gauntlet | Found a transporter.
  7340 | Gauntlet | a shining eye changed into a bunyip
  7340 | Gauntlet | Noticed a bunyip (glowing shapeshifter)
  7342 | Gauntlet | a bunyip changed into a tyrant leech
  7343 | Gauntlet | a satyr changed into a fire dragon
  7343 | Gauntlet | Noticed a fire dragon (glowing shapeshifter)
  7344 | Gauntlet | a fire dragon changed into a broodmother
  7344 | Gauntlet | Noticed a broodmother (glowing shapeshifter)
  7345 | Gauntlet | a broodmother changed into a goliath frog
  7348 | Gauntlet | Found a transporter.
  7413 | Gauntlet | Noticed an entropy weaver
  7413 | Gauntlet | an entropy weaver changed into a queen bee
  7421 | Gauntlet | Identified the ring "Naomass" {rC++ rN+++ Will- rCorr
                  | Dex-5}
  7443 | Gauntlet | a yaktaur changed into an entropy weaver
  7443 | Gauntlet | Noticed an entropy weaver (glowing shapeshifter)
  7448 | Gauntlet | an entropy weaver changed into a meliai
  7501 | Gauntlet | Identified the ring of the Crown {rPois Will- rCorr MP+9
                  | Str+4}
  7516 | Gauntlet | Got the Omnibus of the Welkin
  7586 | Gauntlet | Found the +3 Mad Mage's Maulers {Infuse+∞ VampMP -Cast}
  7586 | Gauntlet | Noticed a minotaur
  7609 | Gauntlet | HP: 3/81 [minotaur/javelin (11)]
  7610 | Gauntlet | Killed a minotaur
  7626 | Gauntlet | Got the Grimoire of Gusty Moulding
  7685 | Lair:4   | Found a staircase to the Slime Pits.
  7773 | Lair:4   | Reached skill level 10 in Dodging
  7782 | Lair:4   | Found a radiant altar of Vehumet.
  7804 | Lair:4   | Reached skill level 15 in Shields
  7864 | Lair:5   | Entered Level 5 of the Lair of Beasts
  7900 | Lair:5   | Reached XP level 14. HP: 74/90 MP: 16/18
  8038 | Lair:5   | this game wants to kill me easy.
  8038 | Lair:5   | 10 death yaks with sleep sheep on top and mark.
  8043 | Lair:5   | HP: 3/90 [death yak (33)]
  8045 | Lair:5   | should have readd poison scroll
  8045 | Lair:5   | Slain by a death yak

Illustrated notes #.....##. ##........ ##P.......$ ###.......... #...........P ###..)........# #......##.....# ##.......#...... #@.......#...... #..........#...... #..........## .#. #(.........## #..........## #..........## ..........## .. ........### #.# .... .. #P.#. Turn 5935 on Lair:1: gane wants to kill me, 3 packs of yaks coming at me at once two times

##..........
##(.........#
##..........##
##..........##
#.†.†8.....## #
#######........###
...#..........#..##
..............##.######
.......@.........#.#..##
.....................#.#
........................
.................<......
.YY..Y.................Y
........................
.......................Y
........................
...........###


Turn 5952 on Lair:1: aaaaaandd the next one ##...Y... ##........ ######
##.S†Y..... #....# #...Y...... ###...#######††††..... #.#....#...#...Y..††..
###......#..Y.......... #.#...°○.†.Y.F....<..F. #<..8@Y...Y.Y..Y......
#....YY.....Y.###.#.## ##.......##.#.# ##### ##....Y####### ##...## ##### Turn
8038 on Lair:5: this game wants to kill me easy. #...... ##...Y. ##...... ######
##.S†Y... #....# #...Y.... ###...#######††††... #.#....#...#...Y..††
###...Y..#........... #.#.@YY..FY..F....<.. #<.YY...Y...Y..Y....
#.......Y.....###.#. ##.......##.#.# #### ##....Y####### ##...## ##### Turn 8045
on Lair:5: should have readd poison scroll

Levels and vault maps discovered:
D:1:      sevenhm_arrival_forest_fort_small_4, layout_basic
D:2:      layout_basic, serial_shops, nicolae_shop_crystal, minmay_tromino_v2,
          uniq_natasha
D:3:      lemuel_castle_with_subvaults [lemuel_castle_interior_carwin_3],
          layout_basic, lemuel_coloured_pillars_altar,
          mainiacjoe_overflow_tiny_flanked, fountainhead, uniq_terence
D:4:      layout_basic, nicolae_wu_jian_wuxing_cycle, slow_altar_2,
          serial_shops, kennysheep_little_box
D:5:      layout_rooms, serial_corexii_hall, chequers_hall_statues_wall_a,
          corexii_hall_statues_s, chequers_hall_statues_wall_a,
          minmay_pentangle, uniq_eustachio
D:6:      minmay_angry_zag, layout_cave_pods, minmay_temple_entry_ruins,
          ebering_ghost_gozag, dreamdust_princess_corridor
D:7:      layout_basic, mainiacjoe_overflow_concentric_impassable, zin_academy,
          riverfiend_overflow_shadow_ancestor, nicolae_titane
D:8:      hellmonk_destroyed_diamonds, layout_cave_pods,
          mainiacjoe_overflow_boulevard, serial_shops, shop_statue,
          nicolae_specific_store, feat_on_display, uniq_gastronok, uniq_grum,
          uniq_pikel
D:9:      layout_basic, david_orc_2, uniq_maggie, uniq_psyche, uniq_maurice,
          uniq_prince_ribbit1
D:10:     layout_rooms, amcnicky_altar_gilded, minmay_the_grid_2x2
          [minmay_the_grid_aliased_spiral, minmay_the_grid_tiny_cups,
          minmay_the_grid_dragon_b, minmay_the_grid_prize_diamond_cup],
          uniq_erolcha, uniq_harold
D:11:     layout_basic, lair_entry_dummy, gammafunk_ghost_cemetery,
          enter_trove_0
D:12:     layout_cave_pools, serial_shops, nicolae_shop_stone,
          chequers_serial_rivers_small_3, serial_bayou_crossing, uniq_frances
Temple:   hc_temple_tempest_star
Lair:1:   layout_hall_layers
Lair:2:   layout_regular_city, minmay_snake_entry_six_corridors, serial_forest,
          infiniplex_forest_diagonal, infiniplex_forest_lined_room_2,
          infiniplex_forest_straight_2, infiniplex_forest_straight_2,
          infiniplex_forest_clump_C, infiniplex_forest_lined_2,
          infiniplex_forest_zigzag_2, infiniplex_forest_corner_2, uniq_nergalle
Lair:3:   layout_layer_cave, elwin_shoals_entry_stream, serial_bayou_shore_b
Lair:4:   layout_gridlike, slime_entry_1, lightli_volcano_entry_magma_tube,
          basic_altar, gauntlet_entry_generic, st_stairs_5
Lair:5:   evilmike_catoblepas_cave, layout_cave_pods
Orc:1:    layout_caves

Skill      XL: |  1  2  3  4  5  6  7  8  9 10 11 12 13 |
---------------+----------------------------------------+-----
Unarmed Combat | 1 2 3 4 5 |  5.0
Air Magic      | 1 2 3 4 6 7 8 9 |  9.0
Shields        | 1 3 7 11 12 14 15 | 15.0
Summonings     | 2 5 6 7 |  7.7
Poison Magic   | 3 4 |  4.0
Spellcasting   | 2 3 |  3.0
Conjurations   | 2 |  2.0
Dodging        | 3 5 10 | 10.9
Fighting       | 3 5 6 |  6.9
Invocations    | 5 |  5.0
Stealth        | |  1.3
Evocations     | |  3.2

Action                     |  1- 3 |  4- 6 |  7- 9 | 10-12 | 13-15 || total
---------------------------+-------+-------+-------+-------+-------++-------
  Melee: Unarmed           |    61 |   104 |   159 |   293 |   169 ||   786
         Constrict         |    19 |    28 |    41 |    67 |    17 ||   172
         Tentacles         |    15 |    29 |    45 |    92 |    66 ||   247
         Punch             |       |     2 |     3 |    20 |    10 ||    35
   Fire: Sling             |       |    15 |       |       |       ||    15
  Throw: Javelin           |       |     2 |       |       |       ||     2
         Dart              |       |       |       |     6 |       ||     6
   Cast: Poisonous Vapours |       |       |     1 |     2 |       ||     3
         Summon Lightning  |       |       |       |    28 |    26 ||    54
         Mephitic Cloud    |       |       |       |     4 |    15 ||    19
         Call Canine Famil |       |       |       |    11 |    15 ||    26
 Invoke: Slouch            |       |       |     1 |     5 |     8 ||    14
  Evoke: Wand              |     9 |     9 |    22 |    21 |     6 ||    67
         Box of beasts     |       |       |       |       |     1 ||     1
    Use: Potion            |       |     1 |     6 |     8 |     5 ||    20
         Scroll            |       |       |    16 |     6 |    10 ||    32
   Stab: Sleeping          |     6 |    16 |     2 |     2 |       ||    26
         Betrayed ally     |       |       |     1 |       |       ||     1
         Distracted        |       |       |     1 |     9 |     4 ||    14
         Invisible         |       |       |     3 |       |       ||     3
         Confused          |       |       |       |     2 |     8 ||    10
 Armour: Skin              |     5 |     5 |    10 |    26 |    12 ||    58
  Dodge: Dodged            |    48 |    52 |    57 |   150 |   126 ||   433
  Block: Kite shield       |       |       |    83 |   302 |   202 ||   587

Table legend: (Time is in decaauts)
 A = Elapsed time spent in this place.
 B = Non-inter-level travel time spent in this place.
 C = Inter-level travel time spent in this place.
 D = Time resting spent in this place.
 E = Time spent auto-exploring this place.
 F = Levels seen in this place.
 G = Mean time per level.
                   A        B        C        D        E       F      G
               +--------+--------+--------+--------+--------+-----+--------+
         Total |  11952 |  10734 |   1218 |    196 |    665 |  20 |  597.6 |
       Dungeon |   8190 |   7144 |   1046 |     68 |    631 |  12 |  682.5 |
        Temple |      1 |      1 |      0 |      0 |      0 |   1 |    1.0 |
          Lair |   3129 |   2957 |    172 |     70 |     33 |   5 |  625.8 |
  Orcish Mines |      5 |      5 |      0 |      0 |      0 |   1 |    5.0 |
      Gauntlet |    625 |    625 |      0 |     58 |      0 |   1 |  625.0 |
               +--------+--------+--------+--------+--------+-----+--------+

Top non-repeatable levels by time:
    D:11: 930 daAuts
     D:9: 900 daAuts
     D:8: 878 daAuts
     D:5: 868 daAuts
     D:6: 844 daAuts
  Lair:1: 841 daAuts
     D:4: 804 daAuts
  Lair:3: 765 daAuts
  Lair:2: 711 daAuts
     D:2: 701 daAuts
     D:3: 686 daAuts
  Lair:4: 642 daAuts
Gauntlet: 625 daAuts
     D:1: 619 daAuts
     D:7: 412 daAuts
